 Dungeon Crawl Stone Soup version 0.30-a0-694-g3340775977 (webtiles) character file.

Game seed: 10869326048354496614

18 Alitron123 the Covered (level 2, 0/26 HPs)
             Began as an Armataur Fighter on Jan 20, 2023.
             Slain by a jackal (1 damage)
             ... on level 1 of the Dungeon.
             The game lasted 00:01:10 (230 turns).

Alitron123 the Covered (Armataur Fighter)            Turns: 230, Time: 00:01:11

Health: 0/26       AC:  7    Str: 21    XL:     2   Next: 48%
Magic:  2/2        EV:  7    Int:  8    God:
Gold:   22         SH:  4    Dex:  9    Spells: 1/1 levels left

rFire   . . .      SeeInvis .    a - +0 flail
rCold   . . .      Faith    .    c - +0 buckler
rNeg    . . .      Spirit   .    b - +0 scale mail
rPois   .          Reflect  .    (no helmet)
rElec   .          Harm     .    (no cloak)
rCorr   +          Roll     +    (no gloves)
Will    .....                    (no barding) Stlth
                                 (no amulet)
HPRegen 0.24/turn                f - ring of resist corrosion
MPRegen 0.08/turn                (no ring)

@: mighty
A: large, rugged brown scales 3, deformed body, armoured tail, roll, long
tongue, awkward tongue
a: no special abilities


You were on level 1 of the Dungeon.
You visited 1 branch of the dungeon, and saw 1 of its levels.

You collected 22 gold pieces.

Inventory:

Hand Weapons
 a - a +0 flail (weapon)
Armour
 b - a +0 scale mail (worn)
 c - a +0 buckler (worn)
Jewellery
 f - a ring of resist corrosion (left hand)
Potions
 d - a potion of might
 e - 2 potions of mutation {unknown}
 g - 3 potions of heal wounds {unknown}


   Skills:
 + Level 2.9 Fighting
 + Level 2.1 Maces & Flails
 + Level 3.8 Armour
 + Level 3.6 Shields


You had one spell level left.
You didn't know any spells.
Your spell library was empty.

Dungeon Overview and Level Annotations

Branches:
Dungeon (1/15)

Altars:


Innate Abilities, Weirdness & Mutations

You are completely covered in rugged brown scales. (AC +3, +7% HP)
Armour fits poorly on your strangely shaped body.
You have a long armoured tail.
You roll when moving toward enemies. (Rampage)
Your long tongue fully drains potion bottles. (2x potion effects)
Your tongue gives you trouble enunciating. (1.5x scroll delay)


Message History

The jackal bites you but does no damage.
The ball python bites you. The jackal bites you.
The jackal bites you but does no damage.
The jackal bites you.
* * * LOW HITPOINT WARNING * * *
The ball python barely misses you.
The jackal bites you but does no damage.
You thump the jackal!
You kill the jackal!
The jackal bites you but does no damage.
The jackal bites you.
* * * LOW HITPOINT WARNING * * *
The ball python closely misses you.
The jackal bites you but does no damage.
You closely miss the jackal.
Your tail-slap misses the jackal.
The jackal bites you but does no damage.
The jackal closely misses you.
The ball python bites you but does no damage.
The jackal barely misses you.
The jackal bites you but does no damage.
The jackal bites you.
* * * LOW HITPOINT WARNING * * *
The ball python bites you but does no damage.
The jackal closely misses you.
You closely miss the jackal. You block the jackal's attack.
The jackal bites you.
* * * LOW HITPOINT WARNING * * *
The jackal barely misses you. The ball python closely misses you.
The jackal bites you but does no damage. x2
The ball python bites you but does no damage.
The jackal barely misses you.
You sock the jackal!
You kill the jackal!
The jackal barely misses you. The jackal bites you.
* * * LOW HITPOINT WARNING * * *
The ball python bites you but does no damage.
You block the jackal's attack.
You closely miss the jackal.
Your tail-slap misses the jackal.
The jackal bites you.
You die...

# #....###.# ##.
###.######.# ...##
##...##>.....
#..####..####...###
####................)
#...>..........[.....
..#.........####++###
#.#..##...###....##
##..##w@h.###..##......#
#.....Sh#.# #..##....8.#
.....#†##.# #..#........
#... #. #.. ..#......8.
... .. .... #...##... ..
.#. #### #..####.. #
##.. +..'<>+.. .#
#..####.. . #...##...


You could see a dart slug, 2 jackals and a ball python.

Vanquished Creatures
  A dart slug (D:1)
  3 endoplasms (D:1)
  3 giant cockroaches (D:1)
  A goblin (D:1)
  2 jackals (D:1)
  A quokka (D:1)
  2 rats (D:1)
13 creatures vanquished.

Notes
Turn   | Place    | Note
-------+----------+-------------------------------------------
     0 | D:1      | Alitron123 the Armataur Fighter began the quest for the
                  | Orb.
     0 | D:1      | Reached XP level 1. HP: 19/19 MP: 1/1
   143 | D:1      | Reached XP level 2. HP: 26/26 MP: 2/2
   229 | D:1      | HP: 1/26 [jackal (3)]
   230 | D:1      | Slain by a jackal

Illustrated notes

Levels and vault maps discovered:
D:1:      dpeg_arrival_refuge, layout_rooms, minmay_pentomino_x4

Skill      XL: |  1  2 |
---------------+-------+-----
Maces & Flails | 2 |  2.1
Fighting       | |  2.9
Armour         | |  3.8
Shields        | |  3.6

Action                   || total
-------------------------++-------
Melee: Flail             ||    45
       Tailslap          ||     2
  Use: Potion            ||     1
Armor: Scale mail        ||    58
Dodge: Dodged            ||    30
Block: Buckler           ||    13

Table legend: (Time is in decaauts)
 A = Elapsed time spent in this place.
 B = Non-inter-level travel time spent in this place.
 C = Inter-level travel time spent in this place.
 D = Time resting spent in this place.
 E = Time spent auto-exploring this place.
 F = Levels seen in this place.
 G = Mean time per level.
                   A        B        C        D        E       F      G
               +--------+--------+--------+--------+--------+-----+--------+
         Total |    244 |    244 |      0 |      0 |    143 |   1 |  244.0 |
       Dungeon |    244 |    244 |      0 |      0 |    143 |   1 |  244.0 |
               +--------+--------+--------+--------+--------+-----+--------+

Top non-repeatable levels by time:
     D:1: 244 daAuts
